 Dungeon Crawl Stone Soup version 0.29-a0-321-gf1c400731a (webtiles) character file.

Game seed: 6118191305683864649

89223 Gargoyl the Cleaver (level 15, -2/95 (97) HPs)
             Began as a Gargoyle Abyssal Knight on Apr 3, 2022.
             Was a High Priest of Lugonu.
             Slain by a sun demon (11 damage)
             ... on level 2 of the Orcish Mines.
             The game lasted 00:25:56 (17295 turns).

Gargoyl the Cleaver (Gargoyle Abyssal Knight)      Turns: 17295, Time: 00:25:57

HP:   -2/95 (97)    AC: 37    Str: 23    XL:     15   Next: 96%
MP:   33/33         EV:  8    Int:  7    God:    Lugonu [*****.]
Gold: 1142          SH:  7    Dex: 24    Spells: 15/15 levels left

rFire   + + .      SeeInvis +   a - +9 hand axe (vamp)
rCold   + + .      Faith    .   o - +0 buckler "Veyxoer" {rElec rF+ rCorr MP+9 Int-3}
rNeg    + . .      Spirit   .   k - +4 plate armour of the Circus Animal {*Corrode rC++ Will+ Str+4 Slay+6}
rPois   ∞          Reflect  .   q - +2 helmet
rElec   +          Harm     .   p - +2 cloak
rCorr   +          Rampage  .   d - +2 pair of gloves
Will    ++...                   (no boots)
Stlth   ..........              h - amulet of regeneration
HPRegen 1.05/turn               g - ring of see invisible
MPRegen 0.23/turn               F - +6 ring of dexterity

@: corroded, flying, lightly drained
A: sickness immunity, AC +11, big wings, negative energy resistance 1,
electricity resistance, torment resistance 1, petrification resistance, agile 1,
fire resistance 1, sense surroundings 1
a: Renounce Religion, Depart the Abyss, Bend Space, Banish, Corrupt, Enter the
Abyss


You were on level 2 of the Orcish Mines.
You worshipped Lugonu.
Lugonu was extremely pleased with you.
You visited 3 branches of the dungeon, and saw 20 of its levels.
You visited the Abyss 2 times.

You collected 1899 gold pieces.
You spent 757 gold pieces at shops.

Inventory:

Hand Weapons
 a - a +9 vampiric hand axe (weapon)
 s - a +0 long sword of holy wrath
 M - a +4 broad axe of chaos
 P - the +4 broad axe of Chaos {flame, Dex+5}
   (You bought it in a shop on level 2 of the Orcish Mines)

   It burns those it strikes, dealing additional fire damage.
   Big, fiery blades are also staple armaments of hydra-hunters.
   Dex:       It affects your dexterity (+5).
Missiles
 w - 4 silver javelins (quivered)
 y - 34 poisoned darts
Armour
 d - a +2 pair of gloves (worn)
 k - the +4 plate armour of the Circus Animal (worn) {*Corrode rC++ Will+ Str+4 Slay+6}
   (You found it on level 3 of the Dungeon)

   Str:       It affects your strength (+4).
   Slay:      It affects your accuracy & damage with ranged weapons and melee
   (+6).
   rC:        It greatly protects you from cold.
   *Corrode:  It may corrode you when you take damage.
   Will:      It increases your willpower.
 o - the +0 buckler "Veyxoer" (worn) {rElec rF+ rCorr MP+9 Int-3}
   (You acquired it on level 9 of the Dungeon)

   Int:       It affects your intelligence (-3).
   rF:        It protects you from fire.
   rElec:     It insulates you from electricity.
   MP:        It affects your magic capacity (+9).
   rCorr:     It protects you from acid and corrosion.
 p - a +2 cloak (worn)
 q - a +2 helmet (worn)
Jewellery
 f - the macabre finger necklace {rN+}
   (You found it on level 6 of the Dungeon)

   [amulet of nothing]

   It enables you to equip an extra ring.
   rN:        It protects you from negative energy.
 g - a ring of see invisible (left hand)
 h - an amulet of regeneration (around neck)
 r - an amulet of reflection
 A - a ring of willpower
 D - an amulet of the acrobat
 F - a +6 ring of dexterity (right hand)
 G - a +4 ring of evasion
 K - a ring of positive energy
 L - a ring of fire
Wands
 b - a wand of polymorph (26)
 l - a wand of flame (49)
 C - a wand of paralysis (5)
 N - a wand of iceblast (5)
Scrolls
 j - 2 scrolls of fog
 m - 6 scrolls of identify
 t - a scroll of magic mapping
 v - 2 scrolls of blinking
 x - a scroll of enchant armour
 B - 11 scrolls of teleportation
 E - a scroll of fear
Potions
 c - 2 potions of berserk rage
 e - 10 potions of curing
 i - a potion of brilliance
 n - 2 potions of ambrosia
 u - 2 potions of haste
 z - 2 potions of might
 H - a potion of resistance
 J - a potion of cancellation


   Skills:
 + Level 12.7 Fighting
 + Level 0.5(1.0) Short Blades
 + Level 1.0(1.1) Long Blades
 + Level 14.7(14.8) Axes
 + Level 0.6(10.4) Maces & Flails
 + Level 0.5(9.6) Polearms
 + Level 0.6(1.0) Staves
 + Level 0.5(0.7) Slings
 + Level 0.6 Bows
 + Level 0.6 Crossbows
 + Level 0.5(0.7) Throwing
 + Level 12.9 Armour
 + Level 2.3 Dodging
 + Level 1.8 Stealth
 + Level 6.3 Shields
 + Level 0.6 Unarmed Combat
 + Level 0.5 Spellcasting
 + Level 1.2 Conjurations
 + Level 0.5 Hexes
 + Level 0.5 Summonings
 + Level 0.4 Necromancy
 + Level 0.5 Translocations
 + Level 0.4 Transmutations
 + Level 0.6 Fire Magic
 + Level 0.6 Ice Magic
 + Level 0.4 Air Magic
 + Level 0.9 Earth Magic
 + Level 0.6 Poison Magic
 * Level 13.2 Invocations
 + Level 1.3 Evocations


You had 15 spell levels left.
You didn't know any spells.
Your spell library contained the following spells:

 Spells                   Type           Power      Damage    Failure   Level
 Beastly Appendage        Tmut           0%         N/A       99%         1
 Freeze                   Ice            4%         1d3       99%         1
 Static Discharge         Conj/Air       1%         N/A       99%         2
 Wereblood                Tmut           0%         N/A       100%        2
 Frozen Ramparts          Ice            2%         1d2       100%        3
 Spider Form              Tmut/Pois      0%         N/A       100%        3
 Stone Arrow              Conj/Erth      2%         3d7       100%        3
 Tukima's Dance           Hex            0%         N/A       100%        3
 Anguish                  Hex/Necr       0%         N/A       100%        4
 Animate Armour           Summ/Erth      2%         N/A       100%        4
 Hailstorm                Conj/Ice       1%         3d3       100%        4
 Ice Form                 Ice/Tmut       0%         N/A       100%        4
 Petrify                  Tmut/Erth      1%         N/A       100%        4
 Summon Ice Beast         Ice/Summ       1%         N/A       100%        4
 Lightning Bolt           Conj/Air       0%         1d11      100%        5
 Metabolic Englaciation   Hex/Ice        0%         N/A       100%        5
 Enfeeble                 Hex            0%         N/A       100%        7
 Summon Hydra             Summ           0%         N/A       100%        7
 Lehudib's Crystal Spear  Conj/Erth      0%         10d2      100%        8
 Maxwell's Capacitive Co  Air            0%         ∞         100%        8
 Sublimation of Blood     Necr           Unusable   N/A       N/A         2
 Statue Form              Tmut/Erth      Unusable   N/A       N/A         6

Dungeon Overview and Level Annotations

Branches:
Dungeon (12/15)            Temple (0/1) D:4            Lair (6/6) D:8
 Shoals (0/4) Lair:2        Snake (0/4) Lair:4        Slime (0/5) Lair:6
    Orc (2/2) D:12            Elf (0/3) Orc:2

Altars:
Dithmenos
Elyvilon
Qazlal
Vehumet
Beogh

Shops:
D:3 (   D:7 (   D:10 [   Orc:2 !*


Innate Abilities, Weirdness & Mutations

You are immune to sickness and miasma.
Your stone body is resilient. (AC +11)
You are immune to poison.
Your large and strong wings let you fly.
You resist negative energy. (rN+)
You are resistant to electric shocks. (rElec)
You are resistant to unholy torment.
You are immune to petrification.
You are agile. (Dex +2)
Your flesh is heat resistant. (rF+)
You passively map a small area around you.


Message History

The orc knight hits you with a +0 long sword!!
* * * LOW HITPOINT WARNING * * *
You block the orc knight's attack.
The orc sorcerer hits you but does no damage.
You hear a shout!
Unknown command.
You slash the orc sorcerer!
You feel better.
You kill the orc sorcerer!
Lugonu accepts your kill.
You slash the orc knight!
You feel better.
You hit the orc knight but do no damage.
You hit the orc sorcerer.
You hear a shout! x2
You hit the orc sorcerer.
You feel better.
The orc sorcerer is almost dead.
You slash the sun demon!
You hit the orc knight but do no damage.
You hit the orc knight.
You feel better.
An orc high priest comes into view.
It is wielding a +0 glaive of protection.
You block the sun demon's attack.
The orc knight hits you with a +0 long sword!!
* * * LOW HITPOINT WARNING * * *
The orc knight hits you with a +0 battleaxe.
* * * LOW HITPOINT WARNING * * *
The orc sorcerer points at you and mumbles some strange words.
The bolt of fire hits you but does no damage.
You feel much better.
The sun demon hits you but does no damage.
The orc sorcerer hits you but does no damage.
The orc warrior hits you but does no damage.
The orc knight hits you with a +0 long sword!!
* * * LOW HITPOINT WARNING * * *
You block the orc knight's attack.
You closely miss the orc sorcerer.
The orc sorcerer is almost dead.
You hit the sun demon but do no damage. You slash the orc knight!
You feel better.
You hit the orc knight but do no damage.
The sun demon hits you!
You die...

..###...##
##...###.)###.........
.###...## ,
##...###))##.........
###..)##
##...###............
##...##, *,
##...###.).........
#.#.##, *
##.#.###.......... ...#
, * * ##...###.........
#.# , *
##.#.###.......... ## *,
, ##o..###........... ,
,*#o@)###............ ,,
*#o3o###............. *
* #ooo###..............
, ,.oo4#
#............... *
...#.####...............
....###.................
. .###..................
.###............^......
####
##....................


You could see 3 orc knights, 2 orc high priests, a sun demon, a chaos spawn
(summoned), an orc sorcerer (strong), an orc warrior (strong) and 2 orc priests.

Vanquished Creatures
  Fannar (Lair:3)
  Erolcha (D:12)
  A hydra (D:11)
  A death knight (D:12)
  Erica (D:10)
  4 two-headed ogres
  Nergalle (Lair:3)
  2 goliath frogs (Lair:6)
  4 orc knights
  3 orc sorcerers
  A cyclops (D:11)
  3 manticores
  A black mamba (Lair:5)
  9 elephants (Lair:4)
  A rust devil (Orc:2)
  Maggie (D:6)
  2 gargoyles (D:12)
  17 cane toads
  Psyche (D:11)
  A torpor snail (Lair:4)
  An unseen horror (D:10)
  2 kobold demonologists (D:11)
  9 rime drakes
  10 komodo dragons
  An ice devil (Orc:2)
  A hellwing (Orc:2)
  4 polar bears
  2 tyrant leeches (Lair:6)
  2 trolls
  4 dream sheep (Lair:4)
  2 hornets
  28 blink frogs
  Sigmund (D:7)
  3 vampires
  68 yaks
  2 shadows
  6 wyverns
  3 wraiths
  7 basilisks
  A steam dragon (D:9)
  5 vampire mosquitoes (Lair:6)
  A chaos spawn (Orc:2)
  3 wargs
  Edmund (D:7)
  2 acid dragons
  14 water moccasins
  7 nagas (Lair:4)
  24 orc warriors
  3 sky beasts
  An ice beast (D:7)
  5 ogres
  2 black bears (Lair:1)
  14 wolves
  5 centaurs
  4 phantoms
  4 kobold brigands
  17 bullfrogs
  4 necrophages
  3 scorpions
  5 wights (D:8)
  2 troll zombies (D:12)
  3 electric eels
  2 hounds (D:5)
  15 orc priests
  13 jellies
  4 iguanas
  14 orc wizards
  6 hell rats (Lair:6)
  6 ogre zombies (D:12)
  7 gnolls
  4 adders
  A shadow imp (D:6)
  3 white imps
  2 ufetubi (D:6)
  4 worms (D:3)
  A dart slug (D:3)
  49 orcs
  8 endoplasms
  5 goblins
  10 hobgoblins
  8 jackals
  29 kobolds
  5 quokkas
  4 ball pythons (D:1)
  6 bats
  A frilled lizard (D:2)
  A goblin skeleton (D:12)
  2 goblin zombies (D:12)
  3 hobgoblin skeletons (D:12)
  4 orc skeletons (D:12)
  15 orc zombies (D:12)
  3 rats (D:1)
577 creatures vanquished.

Vanquished Creatures (others)
  An orc priest (Orc:2)
  2 demonic plants (D:1)
  31 fungi
  76 plants
  A withered plant (D:1)
111 creatures vanquished.

Grand Total: 688 creatures vanquished

Notes
Turn   | Place    | Note
-------+----------+-------------------------------------------
     0 | Abyss:1  | Gargoyl the Gargoyle Abyssal Knight began the quest for the
                  | Orb.
     0 | Abyss:1  | Reached XP level 1. HP: 14/14 MP: 2/2
     0 | D:1      | Escaped the Abyss
   230 | D:1      | Found a faded altar of an unknown god.
   482 | D:1      | Reached XP level 2. HP: 15/19 MP: 3/3
   489 | D:1      | Reached skill level 2 in Axes
   881 | D:1      | Reached ** piety under Lugonu
  1270 | D:1      | Reached XP level 3. HP: 11/24 MP: 4/4
  2269 | D:2      | Reached skill level 1 in Dodging
  2269 | D:2      | Reached XP level 4. HP: 29/29 MP: 5/5
  2280 | D:3      | Reached skill level 3 in Axes
  2538 | D:3      | Reached XP level 5. HP: 33/33 MP: 6/6
  2601 | D:3      | Found a stormy altar of Qazlal.
  2618 | D:3      | Found Wicliopt's Antique Weapon Shoppe.
  2727 | D:3      | Identified the +4 plate armour of the Circus Animal
                  | {*Corrode rC++ Will+ Str+4 Slay+6}
  3041 | D:4      | Noticed a phantom
  3045 | D:4      | Noticed an ogre
  3050 | D:4      | Killed a phantom
  3056 | D:4      | an ogre changed into a goblin
  3071 | D:4      | Reached *** piety under Lugonu
  3072 | D:4      | Reached skill level 4 in Axes
  3072 | D:4      | Reached XP level 6. HP: 39/39 MP: 7/7
  3155 | D:4      | Noticed a sky beast
  3168 | D:4      | Killed a sky beast
  3169 | D:4      | Reached XP level 7. HP: 38/44 MP: 9/9
  3377 | D:4      | Found a staircase to the Ecumenical Temple.
  3490 | D:5      | Entered Level 5 of the Dungeon
  3542 | D:4      | Reached skill level 5 in Axes
  3965 | D:5      | Reached skill level 5 in Fighting
  4027 | D:5      | Reached XP level 8. HP: 49/49 MP: 11/11
  4115 | D:5      | Reached **** piety under Lugonu
  4128 | D:5      | Reached skill level 6 in Axes
  4276 | D:5      | Found a radiant altar of Vehumet.
  4526 | D:6      | Found the macabre finger necklace {rN+}
  4527 | D:6      | Noticed Maggie
  4542 | D:6      | Killed Maggie
  4545 | D:6      | Reached skill level 5 in Armour
  4595 | D:6      | Reached skill level 5 in Invocations
  4694 | D:6      | Noticed Eustachio
  4790 | D:6      | Reached skill level 7 in Axes
  4867 | D:6      | Reached XP level 9. HP: 31/54 MP: 13/13
  4910 | D:6      | Reached skill level 1 in Stealth
  4983 | D:6      | Found the +5 sword of Power {vorpal}
  5174 | D:6      | Noticed Eustachio
  5174 | D:6      | Eustachio changed into Eustachio the wolf
  5195 | D:6      | Killed Eustachio the wolf
  5331 | D:6      | Reached skill level 8 in Axes
  5390 | D:7      | Found Pyalirph's Antique Weapon Shoppe.
  5598 | D:7      | You fall into a shaft and drop 2 floors!
  5598 | D:9      | Noticed a two-headed ogre
  5602 | D:9      | Noticed a komodo dragon
  5602 | D:9      | a two-headed ogre changed into a komodo dragon
  5610 | D:9      | Killed a komodo dragon
  5675 | D:9      | Reached XP level 10. HP: 58/60 MP: 14/14
  5875 | D:8      | Reached skill level 9 in Axes
  5902 | D:7      | Reached skill level 1 in Evocations
  6067 | D:7      | Noticed Edmund
  6068 | D:7      | Noticed Sigmund
  6073 | D:7      | Killed Edmund
  6080 | D:7      | Killed Sigmund
  6849 | D:8      | Found a white marble altar of Elyvilon.
  7137 | D:8      | Noticed a manticore
  7149 | D:8      | Killed a manticore
  7150 | D:8      | Reached skill level 10 in Axes
  7215 | D:8      | Found a staircase to the Lair.
  7285 | D:9      | Identified a scroll of acquirement
  7285 | D:9      | Acquired the +0 buckler "Veyxoer" {rElec rF+ rCorr MP+9
                  | Int-3}
  7296 | D:9      | Noticed a two-headed ogre
  7300 | D:9      | Killed a two-headed ogre
  7393 | D:9      | Reached XP level 11. HP: 67/67 MP: 16/16
  7712 | D:9      | Reached ***** piety under Lugonu
  8155 | Lair:1   | Entered Level 1 of the Lair of Beasts
  8433 | Lair:1   | Reached skill level 11 in Axes
  9132 | Lair:2   | Noticed an eight-headed hydra
  9145 | Lair:2   | Banished an eight-headed hydra
  9146 | Lair:2   | Reached skill level 1 in Shields
  9263 | Lair:2   | Reached XP level 12. HP: 67/75 MP: 18/18
  9275 | Lair:2   | Reached skill level 10 in Armour
  9322 | Lair:2   | Found a staircase to the Shoals.
  9550 | Lair:2   | Reached skill level 12 in Axes
  9890 | Lair:3   | Noticed Fannar
  9913 | Lair:3   | Killed Fannar
 10015 | Lair:3   | Noticed Nergalle
 10025 | Lair:3   | Killed Nergalle
 10177 | Lair:3   | Gained mutation: You possess an exceptional clarity of
                  | mind. [potion of mutation]
 10177 | Lair:3   | Gained mutation: You are dopey. (Int -2) [potion of
                  | mutation]
 10177 | Lair:3   | Gained mutation: Potions are less effective at restoring
                  | your health. [potion of mutation]
 10178 | Lair:3   | Lost mutation: You possess an exceptional clarity of mind.
                  | [potion of mutation]
 10178 | Lair:3   | Lost mutation: You are dopey. (Int -2) [potion of mutation]
 10178 | Lair:3   | Lost mutation: Potions are less effective at restoring your
                  | health. [potion of mutation]
 10178 | Lair:3   | Gained mutation: Your spells are a little easier to cast,
                  | but a little less powerful. [potion of mutation]
 10178 | Lair:3   | Gained mutation: You passively dampen the noise of your
                  | surroundings. [potion of mutation]
 10179 | Lair:3   | Lost mutation: You passively dampen the noise of your
                  | surroundings. [potion of mutation]
 10179 | Lair:3   | Lost mutation: Your spells are a little easier to cast, but
                  | a little less powerful. [potion of mutation]
 10179 | Lair:3   | Gained mutation: Your flesh is heat resistant. (rF+)
                  | [potion of mutation]
 10179 | Lair:3   | Gained mutation: You passively map a small area around you.
                  | [potion of mutation]
 10179 | Lair:3   | Gained mutation: You are agile. (Dex +2) [potion of
                  | mutation]
 10844 | Lair:4   | You fall into a shaft and drop 1 floor!
 10844 | Lair:5   | Noticed an eight-headed hydra
 10845 | Lair:5   | Banished an eight-headed hydra
 10899 | Lair:5   | Reached skill level 10 in Invocations
 11020 | Lair:4   | Noticed a six-headed hydra
 11027 | Lair:4   | Reached skill level 10 in Fighting
 11028 | Lair:4   | Banished a six-headed hydra
 11031 | Lair:4   | Reached XP level 13. HP: 61/82 MP: 20/20
 11041 | Lair:4   | Reached skill level 13 in Axes
 11487 | Lair:4   | Found a staircase to the Snake Pit.
 12300 | Lair:6   | Entered Level 6 of the Lair of Beasts
 12385 | Lair:6   | Reached ****** piety under Lugonu
 12591 | Lair:6   | Reached skill level 14 in Axes
 12671 | Lair:6   | Gained mutation: Your large and strong wings let you fly.
                  | [Gargoyle growth]
 12671 | Lair:6   | Reached XP level 14. HP: 87/90 MP: 22/22
 12834 | Lair:6   | Reached skill level 5 in Shields
 12869 | Lair:6   | Found a staircase to the Slime Pits.
 13572 | D:10     | Entered Level 10 of the Dungeon
 13838 | D:10     | Found Ukkakan's Armour Emporium.
 13913 | D:10     | Reached skill level 1 in Conjurations
 13913 | D:10     | Reached XP level 15. HP: 96/96 MP: 24/24
 14075 | D:10     | Noticed Erica
 14088 | D:10     | Killed Erica
 14165 | D:11     | Found a shadowy altar of Dithmenos.
 14488 | D:11     | Noticed Psyche
 14493 | D:11     | Killed Psyche
 14494 | D:11     | Reached skill level 1 in Long Blades
 15435 | D:12     | Found a staircase to the Orcish Mines.
 15623 | D:12     | Noticed Erolcha
 15632 | D:12     | Killed Erolcha
 15637 | D:12     | Identified the +6 hunting sling of Bith {speed, Will+}
 15851 | Orc:1    | Entered Level 1 of the Orcish Mines
 16133 | Orc:1    | You are sucked into a shaft and drop 1 floor!
 16133 | Orc:2    | Entered Level 2 of the Orcish Mines
 16641 | Orc:2    | Found Eqeaj's Distillery.
 16648 | Orc:2    | Found Futiew's General Store.
 16730 | Orc:2    | Bought a potion of heal wounds for 80 gold pieces
 16730 | Orc:2    | Bought a potion of curing for 48 gold pieces
 16730 | Orc:2    | Bought a potion of curing for 48 gold pieces
 16732 | Orc:2    | Bought the +4 broad axe of Chaos {flame, Dex+5} for 581
                  | gold pieces
 16781 | Orc:2    | Found a staircase to the Elven Halls.
 17278 | Orc:2    | Escaped the Abyss
 17295 | Orc:2    | Slain by a sun demon

Illustrated notes

Levels and vault maps discovered:
D:1:      minmay_arrival_nine_rooms, layout_basic, shapermc_ecumenical_altar_gd
D:2:      layout_rooms
D:3:      layout_rooms, mainiacjoe_overflow_24_doors, serial_shops,
          shop_fountains, nicolae_wormholes
D:4:      layout_cave_pools, minmay_temple_entry_statues_pillars
D:5:      layout_layer_cave, lemuel_round_altar
D:6:      nicolae_whirlpool, layout_basic, serial_bayou_ford_a,
          minmay_fractal_squares_gapless_5, uniq_maggie, uniq_eustachio
D:7:      layout_basic, serial_co_window_serial, co_window_corner_a,
          co_window_corner_a, co_window_paths_b, co_window_corner_a,
          co_window_corner_a, co_window_paths_a, co_window_of_opportunity_b,
          co_window_broadway_c, co_window_2corner, co_window_2corner,
          co_window_2corner, co_window_2corner, co_window_unsneaky_path_b,
          glass_columns_b, glass_columns_a, serial_shops,
          nicolae_shop_hallway_plus, minmay_misc_feat_encased,
          sigmund_edmund_badplayer
D:8:      layout_basic, lemuel_round_altar, dpeg_oklobed_lair,
          grunt_decor_resistance
D:9:      layout_stronghold
D:10:     layout_basic, serial_shops, shop, kennysheep_potato, uniq_erica
D:11:     layout_stronghold, grunt_dithmenos_smoke_and_mirrors, uniq_psyche
D:12:     layout_roguey, zombieorc2_lemuel, uniq_erolcha
Lair:1:   layout_cave_pods
Lair:2:   layout_chaotic_city, elwin_shoals_entry_rocks
Lair:3:   layout_cave_pods, grunt_forest_stairs_basic, uniq_fannar,
          uniq_nergalle
Lair:4:   layout_gridlike, minmay_snake_entry_guardpost_medium,
          serial_bayou_pond_b, grunt_megastairs_4
Lair:5:   layout_cave_shapes, fungi_pond_lemuel
Lair:6:   minmay_lair_end_frog_pond, layout_gridlike,
          minmay_slime_entry_jelly_boxes, special_room
          [special_room_mythical_zoo]
Orc:1:    layout_diamond_mine, basic_altar
Orc:2:    pf_orc_diabolical, layout_diamond_mine

Skill      XL: |  1  2  3  4  5  6  7  8  9 10 11 12 13 14 15 |
---------------+----------------------------------------------+-----
Axes           | 2 3 4 5 7 8 10 11 12 14 | 14.7
Fighting       | 4 5 6 7 8 10 11 12 | 12.7
Dodging        | 1 2 |  2.3
Armour         | 3 4 5 7 8 9 10 11 12 | 12.9
Invocations    | 3 4 5 6 7 9 10 11 12 13 | 13.2
Stealth        | 1 |  1.8
Evocations     | 1 |  1.3
Shields        | 1 3 4 5 6 |  6.3
Conjurations   | 1 |  1.2
Long Blades    | 1 |  1.0
Short Blades   | |  0.5
Maces & Flails | |  0.6
Polearms       | |  0.5
Staves         | |  0.6
Slings         | |  0.5
Bows           | |  0.6
Crossbows      | |  0.6
Throwing       | |  0.5
Unarmed Combat | |  0.6
Spellcasting   | |  0.5
Hexes          | |  0.5
Summonings     | |  0.5
Necromancy     | |  0.4
Translocations | |  0.5
Transmutations | |  0.4
Fire Magic     | |  0.6
Ice Magic      | |  0.6
Air Magic      | |  0.4
Earth Magic    | |  0.9
Poison Magic   | |  0.6

Action                   |  1- 3 |  4- 6 |  7- 9 | 10-12 | 13-15 || total
-------------------------+-------+-------+-------+-------+-------++-------
Melee: Hand axe          |   109 |   101 |   200 |   449 |   843 ||  1702
       Punch             |       |     1 |     5 |     1 |       ||     7
       Scimitar          |       |       |       |       |     3 ||     3
Throw: Javelin           |       |       |       |     1 |       ||     1
Invok: Depart the Abyss  |     1 |       |       |       |     1 ||     2
       Banish            |       |       |     1 |     3 |     2 ||     6
       Bend Space        |       |       |     1 |       |       ||     1
       Enter the Abyss   |       |       |       |       |     1 ||     1
Evoke: Wand              |       |     2 |     5 |       |       ||     7
  Use: Scroll            |     1 |    11 |     6 |    10 |    15 ||    43
       Potion            |       |       |     7 |     3 |     5 ||    15
Armor: Leather armour    |    44 |       |       |       |       ||    44
       Plate armour      |     5 |    80 |   276 |   320 |   639 ||  1320
Dodge: Dodged            |    67 |    33 |   132 |   153 |   268 ||   653
Block: Buckler           |       |       |       |    73 |   234 ||   307

Table legend: (Time is in decaauts)
 A = Elapsed time spent in this place.
 B = Non-inter-level travel time spent in this place.
 C = Inter-level travel time spent in this place.
 D = Time resting spent in this place.
 E = Time spent auto-exploring this place.
 F = Levels seen in this place.
 G = Mean time per level.
                   A        B        C        D        E       F      G
               +--------+--------+--------+--------+--------+-----+--------+
         Total |  16971 |  15951 |   1020 |    209 |  12001 |  22 |  771.4 |
       Dungeon |  10493 |   9765 |    728 |    130 |   7464 |  12 |  874.4 |
          Lair |   5103 |   4863 |    240 |      0 |   3654 |   6 |  850.5 |
  Orcish Mines |   1287 |   1236 |     51 |      0 |    883 |   2 |  643.5 |
         Abyss |     87 |     87 |      0 |     79 |      0 |   2 |   43.5 |
               +--------+--------+--------+--------+--------+-----+--------+

Top non-repeatable levels by time:
     D:1: 1808 daAuts
     D:5: 1043 daAuts
     D:7: 1040 daAuts
    D:11: 1002 daAuts
  Lair:6: 993 daAuts
  Lair:4: 984 daAuts
  Lair:1: 928 daAuts
     D:6: 909 daAuts
  Lair:3: 907 daAuts
   Orc:2: 868 daAuts
     D:9: 858 daAuts
     D:3: 796 daAuts
  Lair:2: 781 daAuts
     D:8: 680 daAuts
    D:12: 653 daAuts
